 Dungeon Crawl Stone Soup version 0.29-a0-542-g075992c915 (webtiles) character file.

Game seed: 12383386031888069661

2 oldriver the Sneak (level 1, -2/19 HPs)
             Began as a Palentonga Delver on June 4, 2022.
             Slain by a hound (3 damage)
             ... on level 4 of the Dungeon.
             The game lasted 00:00:11 (71 turns).

oldriver the Sneak (Palentonga Delver)                Turns: 71, Time: 00:00:12

Health: -2/19      AC:  4    Str: 15    XL:     1   Next: 25%
Magic:  1/1        EV:  9    Int: 10    God:
Gold:   0          SH:  0    Dex: 11    Spells: 0/0 levels left

rFire   . . .      SeeInvis +   a - +0 hand axe
rCold   . . .      Faith    .   (no shield)
rNeg    . . .      Spirit   .   b - +0 leather armour
rPois   .          Reflect  .   (no helmet)
rElec   .          Harm     .   (no cloak)
rCorr   .          Rampage  .   (no gloves)
Will    .....                   (no barding)
Stlth   ++........              (no amulet)
HPRegen 0.06/turn               (no ring)
MPRegen 0.07/turn               (no ring)

@: no status effects
A: large, rugged brown scales 3, see invisible, deformed body, roll 1, armoured
tail
a: Rolling Charge


You were on level 4 of the Dungeon.
You visited 1 branch of the dungeon, and saw 2 of its levels.

Inventory:

Hand Weapons
 a - a +0 hand axe (weapon)
Armour
 b - a +0 leather armour (worn)
Wands
 g - a wand of digging (3)
Scrolls
 c - a scroll of fog
 d - a scroll of magic mapping
 e - a scroll of fear
 h - a scroll of identify {unknown}
Potions
 f - a potion of haste


   Skills:
 + Level 3.0 Fighting
 + Level 2.0 Axes
 + Level 1.6 Dodging
 + Level 3.4 Stealth


You couldn't memorise any spells.
You didn't know any spells.
Your spell library was empty.

Dungeon Overview and Level Annotations

Branches:
Dungeon (5/15)
 Temple: D:4-7

Altars:


Innate Abilities, Weirdness & Mutations

You are completely covered in rugged brown scales. (AC +3, +7% HP)
You have supernaturally acute eyesight. (SInv)
Armour fits poorly on your strangely shaped body.
You can roll at nearby foes to attack.
You have a long armoured tail.


Message History

You roll forward with a clatter of scales!
Found a ring mail.
You closely miss the adder.
You hear an angry hiss.
The adder bites you.
You are poisoned.
The adder poisons you! The adder bites you but does no damage.
You feel sick. The adder attacks as you move away! The adder bites you.
You are more poisoned.
The adder poisons you!
You feel sick. The hound attacks as you move away! The hound bites you.
The adder attacks as you move away! The adder bites you.
You feel sick. The adder barely misses you. The adder attacks as you move away!
The adder bites you but does no damage.
You feel sick.
You are too injured to fight recklessly!
You are too injured to fight recklessly!
You are too injured to fight recklessly!
You miss the adder.
* * * LOW HITPOINT WARNING * * *
You feel sick. The adder bites you but does no damage.
You hit the adder.
The adder is lightly wounded.
* * * LOW HITPOINT WARNING * * *
You feel sick. The adder completely misses you.
The adder bites you but does no damage.
You barely miss the adder.
The adder is lightly wounded.
You hit the hound.
* * * LOW HITPOINT WARNING * * *
You feel sick. The hound closely misses you. The adder barely misses you.
The hound bites you but does no damage. The adder barely misses you.
You hit the adder.
The adder is moderately wounded.
You hit the hound but do no damage.
* * * LOW HITPOINT WARNING * * *
You feel sick.
You are no longer poisoned.
The hound bites you.
You die...

#.......
###......#..
#........ .. #....#
.. #.s# #.## #..#
#..## .. ##s## ...#
...# #.S##
##..#.....
##h@###.........
#..#..>#...........
#......##.#.##...
#...#..####.# .
.....###..... .
.#... ###.......
##.. #...# .h #..
...# ... ##..#


You could see a scorpion, a hound and an adder.

Vanquished Creatures
  An orc (D:5)
1 creature vanquished.

Notes
Turn   | Place    | Note
-------+----------+-------------------------------------------
     0 | D:5      | oldriver the Palentonga Delver began the quest for the Orb.
     0 | D:5      | Reached XP level 1. HP: 19/19 MP: 1/1
    54 | D:4      | Noticed a hound
    62 | D:4      | Noticed a scorpion
    62 | D:4      | Noticed a hound
    71 | D:4      | Slain by a hound

Illustrated notes

Levels and vault maps discovered:
D:4:      layout_cave_pools, ashenzari_altar_1, kennysheep_small_square,
          uniq_pikel, uniq_eustachio
D:5:      layout_loops_ring, minmay_temple_entry_ruins, dk_noncrumbling_3

Action                   || total
-------------------------++-------
Melee: Hand axe          ||     6
 Abil: Rolling Charge    ||     2
Armor: Leather armour    ||     5
Dodge: Dodged            ||     5

Table legend: (Time is in decaauts)
 A = Elapsed time spent in this place.
 B = Non-inter-level travel time spent in this place.
 C = Inter-level travel time spent in this place.
 D = Time resting spent in this place.
 E = Time spent auto-exploring this place.
 F = Levels seen in this place.
 G = Mean time per level.
                   A        B        C        D        E       F      G
               +--------+--------+--------+--------+--------+-----+--------+
         Total |     71 |     71 |      0 |      0 |     40 |   2 |   35.5 |
       Dungeon |     71 |     71 |      0 |      0 |     40 |   2 |   35.5 |
               +--------+--------+--------+--------+--------+-----+--------+

Top non-repeatable levels by time:
     D:5: 47 daAuts
     D:4: 24 daAuts
